 Dungeon Crawl Stone Soup version 0.28-a0-178-ga708605c5b (webtiles) character file.

Game seed: 16593024630553994381

43712 Whiskey the Blocker (level 14, 0/115 HPs)
             Began as a Formicid Fighter on Aug 17, 2021.
             Was a High Priest of Makhleb.
             Slain by a six-headed hydra (3 damage)
             ... on level 4 of the Lair of Beasts.
             The game lasted 00:42:59 (18388 turns).

Whiskey the Blocker (Formicid Fighter)             Turns: 18388, Time: 00:42:59

Health: 0/115      AC: 20    Str: 27    XL:     14   Next: 62%
Magic:  20/20      EV:  9    Int: 13    God:    Makhleb [*****.]
Gold:   839        SH: 12    Dex: 10    Spells: 13/13 levels left

rFire   . . .      SeeInvis +   v - +8 frozen axe "Frostbite" {freezing cloud, *Noise Fly rC+}
rCold   + . .      Faith    .   c - +0 kite shield
rNeg    . . .      Spirit   .   m - +3 plate armour {Will+}
rPois   .          Reflect  .   (helmet unavailable)
rElec   .          Harm     .   H - scarf {repulsion}
rCorr   .          Rampage  .   (no gloves)
Will    ++...                   l - +0 pair of boots
Stlth   ..........              (no amulet)
HPRegen 0.29/turn               f - +6 ring of strength
MPRegen 0.17/turn               E - ring of wizardry {Wiz+, !d}

@: flying, repel missiles
A: permanent stasis, dig shafts and tunnels, antennae 3, four strong arms
a: Dig, Shaft Self, Renounce Religion, Minor Destruction, Lesser Servant of
Makhleb, Major Destruction, Greater Servant of Makhleb


You were on level 4 of the Lair of Beasts.
You worshipped Makhleb.
Makhleb was extremely pleased with you.
You visited 3 branches of the dungeon, and saw 18 of its levels.

You collected 1007 gold pieces.
You spent 168 gold pieces at shops.

Inventory:

Hand Weapons
 n - a +0 spear of distortion {!w}
   (You took it off a gnoll sergeant on level 9 of the Dungeon)
 s - a +0 eveningstar
   (You found it on level 7 of the Dungeon)
 v - the +8 frozen axe "Frostbite" (weapon) {freezing cloud, *Noise Fly rC+}
   (You found it on level 5 of the Dungeon)

   It freezes those it strikes, dealing additional cold damage.
   It can also slow down cold-blooded creatures.
   It occasionally leaves clouds of freezing vapour upon striking a foe.
   It grants immunity to clouds of freezing vapour.
   rC:        It protects you from cold.
   Fly:       It grants you flight.
   *Noise:    It may make noises in combat.
Missiles
 a - 5 throwing nets (quivered) {=f, !d}
 r - 4 curare-tipped darts
 C - 6 silver javelins
Armour
 c - a +0 kite shield (worn)
 l - a +0 pair of boots (worn)
   (You found it on level 7 of the Dungeon)
 m - a +3 plate armour of willpower (worn)
   (You found it on level 2 of the Dungeon)
 x - a +2 pair of boots
   (You found it on level 9 of the Dungeon)
 H - a scarf of repulsion (worn)
   (You bought it in a shop on level 1 of the Dungeon)
 I - a scarf of resistance
   (You found it on level 9 of the Dungeon)
Magical Staves
 j - a staff of fire {rF+}
   (You found it on level 1 of the Dungeon)
Jewellery
 f - a +6 ring of strength (left hand)
   (You found it on level 1 of the Dungeon)
 u - a ring of protection from cold {rC+, !d}
   (You took it off a kobold brigand on level 9 of the Dungeon)
 E - a ring of wizardry (right hand) {Wiz+, !d}
   (You found it on level 5 of the Dungeon)
 G - an amulet of regeneration {+regen, !d}
   (You found it on level 6 of the Dungeon)
 S - a +4 ring of evasion
   (You found it on level 12 of the Dungeon)
Wands
 b - a wand of mindburst (9)
   (You took it off Joseph on level 7 of the Dungeon)
 A - a wand of paralysis (8)
   (You found it on level 5 of the Dungeon)
 B - a wand of flame (53)
   (You found it on level 5 of the Dungeon)
 O - a wand of acid (1)
   (You found it on level 10 of the Dungeon)
 X - a wand of digging (4)
   (You found it on level 1 of the Lair of Beasts)
Scrolls
 e - 2 scrolls of fear {unknown}
 g - 5 scrolls of identify
 q - 5 scrolls of fog {unknown}
 t - 5 scrolls of enchant armour
 w - 3 scrolls of immolation {unknown}
 y - a scroll of acquirement {unknown}
 F - a scroll of enchant weapon {unknown}
 J - 3 scrolls of noise {unknown}
 K - a scroll of amnesia {unknown}
 L - a scroll of silence {unknown}
 M - a scroll of brand weapon {unknown}
 N - a scroll of torment {unknown}
 Q - a scroll of magic mapping {unknown}
 R - a scroll of blinking {unknown}
 W - a scroll of summoning {unknown}
Potions
 d - 3 potions of might
 h - 3 potions of brilliance
 i - 2 potions of magic
 k - 3 potions of flight {unknown}
 o - a potion of attraction {unknown}
 p - 9 potions of curing
 z - 2 potions of ambrosia {unknown}
 D - a potion of invisibility {unknown}
 P - a potion of lignification {unknown}
 T - 2 potions of mutation {unknown}
 U - a potion of cancellation {unknown}
 V - 2 potions of heal wounds


   Skills:
 + Level 12.2 Fighting
 + Level 13.0 Axes
 + Level 12.2 Armour
 + Level 3.8 Dodging
 + Level 13.2 Shields
 + Level 8.9 Invocations


You had 13 spell levels left.
You didn't know any spells.
Your spell library contained the following spells:

 Spells                   Type           Power      Damage    Failure   Level
 Animate Skeleton         Necr           0%         N/A       65%         1
 Apportation              Tloc           0%         N/A       65%         1
 Corona                   Hex            0%         N/A       65%         1
 Freeze                   Ice            0%         1d3       65%         1
 Summon Small Mammal      Summ           0%         N/A       65%         1
 Corpse Rot               Necr/Air       N/A        N/A       77%         2
 Poisonous Vapours        Pois/Air       0%         N/A       77%         2
 Sublimation of Blood     Necr           0%         N/A       77%         2
 Wereblood                Tmut           0%         N/A       77%         2
 Call Canine Familiar     Summ           0%         N/A       93%         3
 Dazzling Flash           Conj/Hex       0%         N/A       93%         3
 Frozen Ramparts          Ice            0%         1d2       93%         3
 Gell's Gravitas          Tloc           0%         N/A       93%         3
 Inner Flame              Hex/Fire       0%         N/A       93%         3
 Lesser Beckoning         Tloc           0%         N/A       93%         3
 Stone Arrow              Conj/Erth      0%         3d7       93%         3
 Summon Guardian Golem    Hex/Summ       0%         N/A       93%         3
 Teleport Other           Tloc           0%         N/A       93%         3
 Animate Armour           Summ/Erth      0%         N/A       100%        4
 Cause Fear               Hex            0%         N/A       100%        4
 Fulminant Prism          Conj/Hex       0%         3d6       100%        4
 Hailstorm                Conj/Ice       0%         3d3       100%        4
 Iskenderun's Mystic Bla  Conj/Tloc      0%         2d3       100%        4
 Summon Ice Beast         Ice/Summ       0%         N/A       100%        4
 Agony                    Necr           0%         N/A       100%        5
 Fireball                 Conj/Fire      0%         3d3       100%        5
 Freezing Cloud           Conj/Ice/Air   0%         6-21      100%        5
 Lee's Rapid Deconstruct  Erth           0%         3d5*      100%        5
 Silence                  Hex/Air        0%         N/A       100%        5
 Summon Mana Viper        Hex/Summ       0%         N/A       100%        5
 Starburst                Conj/Fire      0%         6d3       100%        6
 Monstrous Menagerie      Summ           0%         N/A       100%        7
 Summon Hydra             Summ           0%         N/A       100%        7
 Discord                  Hex            0%         N/A       100%        8
 Ignition                 Fire           0%         3d3       100%        8
 Lehudib's Crystal Spear  Conj/Erth      0%         10d2      100%        8


Dungeon Overview and Level Annotations

Branches:
Dungeon (13/15)            Temple (1/1) D:6            Lair (4/6) D:10
  Swamp (0/4) Lair:2       Spider (0/4) Lair:3          Orc (0/2) D:12
 Vaults: D:13-14

Altars:
Ashenzari
Cheibriados
Dithmenos
Elyvilon
Fedhas
Gozag
Hepliaklqana
Kikubaaqudgha
Makhleb
Nemelex Xobeh
Okawaru
Qazlal
Ru
Sif Muna
Trog
Uskayaw
Vehumet
Wu Jian
Xom
Yredelemnul
Zin
The Shining One

Shops:
D:1 [


Innate Abilities, Weirdness & Mutations

You cannot be hasted, slowed, berserked, paralysed or teleported.
You can dig through walls and to a lower floor.
You have a pair of large antennae on your head. (SInv)
Your four strong arms can wield two-handed weapons with a shield.


Message History

You freeze the plant!
You hear ice groaning.
You slash the plant!
The plant begins to die.
You freeze the plant.
You hear a deafening roar!
You hear an angry hiss. x2
The rime drake bites you but does no damage.
You closely miss the rime drake. You slice the plant!! You freeze the plant!
You slice the plant!! You freeze the plant.
You hear ice creaking.
You hear an angry hiss.
You block the rime drake's attack.
The rime drake bites you but does no damage.
You completely miss the rime drake. You slice the plant!! You freeze the plant.
You hear the gusting winds of a snowstorm.
You hit the plant. You freeze the plant.
You hear an angry hiss.
The plant is engulfed in freezing vapours.
A nearby plant withers and dies.
The rime drake bites you but does no damage.
You block the rime drake's attack.
You barely miss the rime drake.
You hear the gusting winds of a snowstorm.
You slash the plant! You freeze the plant.
You hear a deafening roar!
The plant is engulfed in freezing vapours.
A nearby plant withers and dies.
A wyvern comes into view.
You block the rime drake's attack.
A four-headed hydra comes into view.
You slice the rime drake!! You freeze the rime drake.
The rime drake is engulfed in freezing vapours.
The rime drake breathes ice at you. The flash freeze hits you!
You partially resist.
You are encased in ice.
The rime drake is engulfed in freezing vapours.
The rime drake bites you but does no damage.
You take 8 damage, and have 54/115 hp.
You slice the rime drake!!
You kill the rime drake!
Makhleb accepts your kill.
A hell rat comes into view.
The ice encasing you melts away.
You slash the wyvern! You freeze the wyvern.
The wyvern is engulfed in freezing vapours.
The wyvern bites you!
The wyvern is engulfed in freezing vapours.
You kill the wyvern!
Makhleb accepts your kill.
You feel better.
You take 2 damage, and have 52/115 hp.
You cut the hell rat into ribbons!!! You freeze the hell rat.
You kill the hell rat!
Makhleb accepts your kill.
You feel better. The four-headed hydra bites you!
You block the four-headed hydra's attack.
The four-headed hydra barely misses you.
You block the four-headed hydra's attack.
You take 6 damage, and have 46/115 hp.
Okay, then.
Okay, then.
You barely miss the four-headed hydra.
You block the four-headed hydra's attack. x3
The four-headed hydra bites you.
You take 4 damage, and have 42/115 hp.
You slice one of the four-headed hydra's heads off!
The three-headed hydra grows two more!
You slash the five-headed hydra!
The five-headed hydra seems to slow down.
You freeze the five-headed hydra. The five-headed hydra bites you!
You block the five-headed hydra's attack.
The five-headed hydra bites you!
* * * LOW HITPOINT WARNING * * *
The five-headed hydra bites you.
* * * LOW HITPOINT WARNING * * *
The five-headed hydra bites you but does no damage.
You take 17 damage, and have 25/115 hp.
You barely miss the five-headed hydra.
The five-headed hydra closely misses you.
The five-headed hydra bites you but does no damage.
You block the five-headed hydra's attack. x2
The five-headed hydra bites you but does no damage.
You slice one of the five-headed hydra's heads off!
The four-headed hydra grows two more!
You cut the six-headed hydra into ribbons!!!
You freeze the six-headed hydra!
You hear an angry hiss.
You block the six-headed hydra's attack.
The six-headed hydra bites you but does no damage.
The six-headed hydra bites you.
* * * LOW HITPOINT WARNING * * *
You block the six-headed hydra's attack.
The six-headed hydra bites you but does no damage.
The six-headed hydra bites you!
* * * LOW HITPOINT WARNING * * *
You take 11 damage, and have 14/115 hp.
You barely miss the six-headed hydra.
The six-headed hydra is no longer moving slowly.
The six-headed hydra bites you but does no damage.
The six-headed hydra bites you!
* * * LOW HITPOINT WARNING * * *
The six-headed hydra bites you.
You die...

........ #..##..........
........ ................[
...........................
#..#.....P.................
.##......P................#
#.........................#
..........................#.
..#.........................
..#............D@...........
..#.....#......#....(.......
...##..#.......#.......##..
..##............###...##
................##†....#
.......................##
.......#######............
.......# #............$
....P### #.####........


You could see a six-headed hydra.

Vanquished Creatures
  Gastronok (D:8)
  3 hydras
  Harold (D:10)
  A boulder beetle (D:11)
  2 catoblepae
  A two-headed ogre (D:7)
  2 tengu warriors (D:13)
  A death yak (D:8)
  Sonja (D:11)
  A flayed ghost (D:11)
  2 deep elf pyromancers (D:12)
  2 ugly things
  2 cyclopes
  A manticore (D:8)
  A guardian serpent (shapeshifter) (D:13)
  A black mamba (Lair:1)
  Joseph (D:7)
  A gargoyle (D:11)
  5 cane toads
  An unseen horror (D:11)
  A torpor snail (Lair:3)
  3 rime drakes
  5 komodo dragons
  2 trolls
  5 polar bears
  A hornet (D:9)
  7 blink frogs
  Grinder (D:3)
  4 slime creatures
  A redback (Lair:3)
  A shadow (D:9)
  8 wraiths
  8 wyverns
  A vampire (D:10)
  Grum (D:8)
  A hog (D:8)
  8 vampire mosquitoes
  13 fire bats (D:11)
  3 basilisks
  41 yaks
  3 swamp worms (Lair:2)
  A warg (Lair:3)
  17 water moccasins
  A floating eye (D:9)
  6 black bears (D:8)
  7 orc warriors
  2 necrophages (D:5)
  2 ogres
  An ice beast (D:5)
  14 wolves
  6 centaurs
  5 kobold brigands
  8 bullfrogs
  2 gnoll sergeants (D:9)
  9 killer bees
  8 wights
  An electric eel (D:11)
  2 bullfrog zombies
  2 howler monkeys
  5 centaur zombies
  A bullfrog skeleton (D:5)
  2 jellies
  8 hounds
  2 gnoll shamans
  5 orc priests
  A scorpion zombie (D:5)
  5 iguanas
  6 orc wizards
  A hell rat (Lair:4)
  A killer bee zombie (D:8)
  5 howler monkey zombies
  Robin (D:3)
  11 adders
  18 gnolls
  3 white imps
  2 adder skeletons (D:4)
  4 worms
  3 dart slugs
  39 orcs
  71 bats
  6 endoplasms
  A giant cockroach (D:2)
  18 goblins
  13 hobgoblins
  8 jackals
  3 ball pythons
  2 frilled lizards
  28 kobolds
  2 rats
518 creatures vanquished.

Vanquished Creatures (others)
  21 fungi
  28 plants
49 creatures vanquished.

Grand Total: 567 creatures vanquished

Notes
Turn   | Place    | Note
-------+----------+-------------------------------------------
     0 | D:1      | Whiskey the Formicid Fighter began the quest for the Orb.
     0 | D:1      | Reached XP level 1. HP: 18/18 MP: 1/1
   282 | D:1      | Found Ongail's Armour Shoppe.
   305 | D:1      | Reached XP level 2. HP: 22/24 MP: 2/2
  1273 | D:2      | Reached XP level 3. HP: 29/29 MP: 3/3
  1324 | D:2      | Reached skill level 4 in Shields
  1324 | D:2      | HP: 6/30 [jackal (2)]
  1331 | D:2      | HP: 5/30 [jackal (3)]
  1336 | D:2      | HP: 3/30 [jackal (2)]
  1337 | D:2      | HP: 1/30 [jackal (2)]
  1397 | D:2      | Reached XP level 4. HP: 34/37 MP: 4/4
  1448 | D:2      | Noticed a golden eye
  1449 | D:2      | Found a faded altar of an unknown god.
  1469 | D:2      | Noticed a shining eye
  1469 | D:2      | Noticed a floating eye
  1469 | D:2      | Noticed a golden eye
  1859 | D:2      | Found a glowing silver altar of Zin.
  2315 | D:3      | Noticed Robin
  2318 | D:3      | Reached skill level 4 in Fighting
  2320 | D:3      | Reached skill level 4 in Armour
  2326 | D:3      | Killed Robin
  2327 | D:3      | Reached XP level 5. HP: 27/42 MP: 5/5
  2608 | D:3      | Reached skill level 3 in Axes
  3299 | D:4      | Reached XP level 6. HP: 49/49 MP: 6/6
  3432 | D:4      | Reached skill level 5 in Shields
  3572 | D:5      | Entered Level 5 of the Dungeon
  3692 | D:5      | Found the +8 frozen axe "Frostbite" {freezing cloud, *Noise
                  | Fly rC+}
  3759 | D:5      | Noticed a necrophage
  3765 | D:5      | Killed a necrophage
  3766 | D:5      | Reached skill level 4 in Axes
  3766 | D:5      | Reached XP level 7. HP: 43/55 MP: 7/7
  3849 | D:5      | Identified the +5 robe of the Sunfish {Str+2 Dex+2}
  3968 | D:5      | Reached skill level 5 in Armour
  4110 | D:5      | Reached skill level 5 in Fighting
  4535 | D:5      | Reached skill level 5 in Axes
  4535 | D:5      | Reached XP level 8. HP: 56/63 MP: 8/8
  4798 | D:6      | Reached skill level 6 in Shields
  5048 | D:1      | Bought a scarf of repulsion for 168 gold pieces
  5331 | D:3      | Noticed Grinder
  5347 | D:3      | Killed Grinder
  5554 | D:6      | Reached skill level 6 in Axes
  5555 | D:6      | Reached skill level 6 in Armour
  5559 | D:6      | Reached skill level 6 in Fighting
  5773 | D:6      | Reached XP level 9. HP: 66/69 MP: 9/9
  6087 | D:6      | Found a staircase to the Ecumenical Temple.
  6177 | Temple   | Entered the Ecumenical Temple
  6290 | Temple   | Became a worshipper of Makhleb the Destroyer
  6353 | D:7      | Reached skill level 7 in Shields
  6366 | D:7      | Reached skill level 7 in Axes
  6691 | D:7      | Noticed a red ugly thing
  6697 | D:7      | Killed a red ugly thing
  6698 | D:7      | Reached skill level 7 in Fighting
  6698 | D:7      | Reached skill level 7 in Armour
  7052 | D:7      | Noticed Joseph
  7060 | D:7      | Killed Joseph
  7061 | D:7      | Reached skill level 8 in Axes
  7214 | D:7      | Reached skill level 8 in Shields
  7214 | D:7      | Reached XP level 10. HP: 76/79 MP: 10/10
  7248 | D:7      | Noticed a two-headed ogre
  7250 | D:7      | Killed a two-headed ogre
  7316 | D:7      | Found an ornate altar of the Wu Jian Council.
  7489 | D:7      | Reached * piety under Makhleb
  7792 | D:8      | Reached skill level 9 in Axes
  7802 | D:8      | Noticed Grum
  7837 | D:8      | Reached skill level 8 in Fighting
  7842 | D:8      | Killed Grum
  7843 | D:8      | Reached skill level 8 in Armour
  8169 | D:8      | Noticed a manticore
  8170 | D:8      | Found a huge runed translucent gate.
  8171 | D:8      | Noticed a death yak
  8171 | D:8      | Found a huge runed translucent gate.
  8173 | D:8      | Found a huge runed translucent gate.
  8175 | D:8      | Found a huge runed translucent gate.
  8210 | D:8      | Reached skill level 9 in Shields
  8575 | D:8      | Noticed Gastronok
  8591 | D:8      | Killed Gastronok
  8592 | D:8      | Reached skill level 9 in Fighting
  8592 | D:8      | Reached skill level 10 in Axes
  8592 | D:8      | Reached skill level 9 in Armour
  8592 | D:8      | Reached XP level 11. HP: 69/89 MP: 11/11
  8929 | D:9      | Reached ** piety under Makhleb
  8933 | D:9      | Noticed a cyan ugly thing
  8952 | D:8      | Killed a cyan ugly thing
  9078 | D:9      | Reached skill level 10 in Shields
  9110 | D:9      | Reached skill level 11 in Axes
  9524 | D:9      | Reached *** piety under Makhleb
  9525 | D:9      | Reached skill level 1 in Invocations
  9942 | D:10     | Entered Level 10 of the Dungeon
  9952 | D:10     | Found a staircase to the Lair.
  9969 | D:10     | Reached XP level 12. HP: 43/97 MP: 11/13
 10254 | D:9      | Reached skill level 2 in Invocations
 10273 | D:10     | Reached skill level 10 in Armour
 10273 | D:10     | Reached skill level 3 in Invocations
 10276 | D:10     | Reached skill level 10 in Fighting
 10624 | D:10     | Noticed Harold
 10633 | D:10     | Killed Harold
 10634 | D:10     | Reached skill level 11 in Shields
 10879 | D:11     | Reached skill level 4 in Invocations
 10884 | D:11     | Noticed Sonja
 10962 | D:8      | HP: 9/97 [polar bear (21)]
 11375 | D:8      | Reached **** piety under Makhleb
 11393 | D:8      | Killed a death yak
 11394 | D:8      | Reached skill level 5 in Invocations
 12045 | D:11     | HP: 22/99 [Sonja/bolt of acid (17)]
 12045 | D:11     | HP: 7/99 [acid (15)]
 12461 | D:11     | Killed Sonja
 12462 | D:11     | Reached XP level 13. HP: 84/94 MP: 15/17
 12625 | D:11     | Reached skill level 12 in Axes
 12814 | D:11     | Found a hazy altar of Hepliaklqana.
 12830 | D:11     | Reached ***** piety under Makhleb
 12850 | D:11     | Reached skill level 6 in Invocations
 12870 | D:11     | Found a runed translucent door.
 12877 | D:11     | Reached skill level 11 in Armour
 12884 | D:11     | Found a radiant altar of Vehumet.
 12900 | D:11     | Found an iron altar of Okawaru.
 12911 | D:11     | Reached skill level 11 in Fighting
 12995 | D:11     | Found a white marble altar of Elyvilon.
 13004 | D:11     | Found a glowing golden altar of the Shining One.
 13011 | D:11     | Found a hide-covered altar of Uskayaw.
 13145 | D:11     | Noticed a boulder beetle
 13156 | D:11     | Killed a boulder beetle
 13157 | D:11     | Reached skill level 12 in Shields
 13698 | D:12     | Found a staircase to the Orcish Mines.
 13737 | D:12     | Noticed a seven-headed hydra
 13871 | D:12     | Killed an eight-headed hydra
 13872 | D:12     | Reached skill level 7 in Invocations
 14038 | D:12     | Noticed a five-headed hydra
 14051 | D:12     | Killed a seven-headed hydra
 14722 | D:13     | Reached skill level 1 in Dodging
 14728 | D:13     | HP: 25/106 [guardian serpent (shapeshifter) (2)]
 15081 | Lair:1   | Entered Level 1 of the Lair of Beasts
 15917 | Lair:1   | Noticed a catoblepas
 15928 | Lair:1   | Killed a catoblepas
 15929 | Lair:1   | Reached skill level 2 in Dodging
 16124 | Lair:2   | Reached XP level 14. HP: 112/114 MP: 19/19
 16591 | Lair:2   | Reached skill level 8 in Invocations
 16732 | Lair:2   | Found a staircase to the Swamp.
 17186 | Lair:3   | Found a hole to the Spider Nest.
 17282 | Lair:3   | Reached skill level 3 in Dodging
 17517 | Lair:3   | Reached skill level 12 in Armour
 17695 | Lair:3   | Reached skill level 12 in Fighting
 17697 | Lair:3   | Reached skill level 13 in Shields
 18353 | Lair:4   | Reached skill level 13 in Axes
 18385 | Lair:4   | HP: 28/115 [five-headed hydra (8)]
 18388 | Lair:4   | HP: 3/115 [six-headed hydra (12)]
 18388 | Lair:4   | Slain by a six-headed hydra

Illustrated notes

Levels and vault maps discovered:
D:1:      scummos_arrival_checkerplants, layout_basic, serial_shops,
          nicolae_shop_crystal, serial_co_window_serial,
          co_window_of_opportunity_a, co_window_corner_a, co_window_corner_a,
          co_window_paths_a, co_window_corner_a, co_window_paths_a,
          co_window_paths_a, co_window_corner_b, co_window_corner_ca,
          co_window_broadway_a, co_window_corner_ca, co_window_2corner,
          co_window_of_opportunity_b, co_window_unsneaky_path_d,
          co_window_paths_d, glass_columns_a, glass_columns_a, glass_columns_a
D:2:      layout_loops_ring, basic_altar, hellmonk_ecumenical_altar_watching_god
D:3:      minmay_wonky_spiral, layout_basic, minivault_25,
          kennysheep_another_room, uniq_grinder, uniq_robin
D:4:      layout_loops_cross, minmay_misc_feat_nine_boxes
D:5:      corexii_shantytown, layout_loops_cross, st_stairs_13, moated_statue,
          minmay_misc_feat_alley
D:6:      layout_rooms, temple_doors_ab
D:7:      layout_basic, kennysheep_mini, dk_vineyard_2, uniq_joseph
D:8:      lemuel_bear_cage, layout_basic, uniq_gastronok, uniq_grum
D:9:      kennysheep_blocky_hall, layout_loops_ring, onia_ninara_cookie
D:10:     layout_rooms, minmay_lair_entry_grove, chequers_mini_garden,
          skrybe_limestone_x, uniq_harold
D:11:     due_megacathedral, layout_cross, minivault_4, uniq_sonja
D:12:     layout_gridville, orc_0_dummy, palyth_stone_intersect,
          grunt_ministairs_11
D:13:     layout_rooms, david_vaults_4, serial_shops, nicolae_take_the_stairs,
          fedhas_altar_4
Temple:   grunt_wide_crystal_templ
Lair:1:   layout_gridlike
Lair:2:   layout_loops_ring, minmay_swamp_entry_worms
Lair:3:   beast_lair_carwin_large_4, layout_hall_layers, spider_nest_entry_webs
Lair:4:   layout_gridlike, special_room [special_room_mythical_zoo]

Skill      XL: |  1  2  3  4  5  6  7  8  9 10 11 12 13 14 |
---------------+-------------------------------------------+-----
Shields        | 4 5 6 8 9 10 11 12 13 | 13.2
Fighting       | 4 5 6 7 9 10 11 12 | 12.2
Armour         | 4 5 6 7 9 10 11 12 | 12.2
Axes           | 3 4 5 6 8 10 11 12 13 | 13.0
Invocations    | 1 5 7 8 |  8.9
Dodging        | 2 3 |  3.8

Action                   |  1- 3 |  4- 6 |  7- 9 | 10-12 | 13-15 || total
-------------------------+-------+-------+-------+-------+-------++-------
Melee: War axe           |    60 |   164 |       |       |       ||   224
       Executioner's axe |       |    13 |   187 |   307 |   402 ||   909
Throw: Throwing net      |       |       |       |     1 |       ||     1
Invok: Minor Destruction |       |       |       |       |     5 ||     5
 Abil: Dig               |       |       |       |     2 |       ||     2
Evoke: Wand              |       |       |       |       |     9 ||     9
  Use: Potion            |     3 |       |       |     3 |       ||     6
       Scroll            |       |       |     8 |       |       ||     8
 Stab: Petrifying        |       |       |       |       |     1 ||     1
Armor: Scale mail        |    29 |    19 |       |       |       ||    48
       Plate armour      |       |   110 |   115 |   276 |   288 ||   789
Dodge: Dodged            |    26 |    52 |    60 |   145 |   169 ||   452
       Repelled          |       |       |       |     2 |       ||     2
Block: Kite shield       |    30 |    95 |   120 |   255 |   327 ||   827

Table legend: (Time is in decaauts)
 A = Elapsed time spent in this place.
 B = Non-inter-level travel time spent in this place.
 C = Inter-level travel time spent in this place.
 D = Time resting spent in this place.
 E = Time spent auto-exploring this place.
 F = Levels seen in this place.
 G = Mean time per level.
                   A        B        C        D        E       F      G
               +--------+--------+--------+--------+--------+-----+--------+
         Total |  18983 |  17973 |   1010 |   3363 |  11247 |  18 | 1054.6 |
       Dungeon |  15482 |  14605 |    877 |   3342 |   8415 |  13 | 1190.9 |
        Temple |    121 |    113 |      8 |      0 |     49 |   1 |  121.0 |
          Lair |   3379 |   3255 |    124 |     21 |   2783 |   4 |  844.8 |
               +--------+--------+--------+--------+--------+-----+--------+

Top non-repeatable levels by time:
     D:8: 1610 daAuts
     D:7: 1574 daAuts
    D:10: 1570 daAuts
    D:12: 1567 daAuts
     D:5: 1362 daAuts
     D:1: 1320 daAuts
     D:9: 1293 daAuts
     D:2: 1124 daAuts
    D:11: 1095 daAuts
  Lair:2: 1088 daAuts
     D:6: 1077 daAuts
  Lair:3: 1054 daAuts
  Lair:1: 1046 daAuts
     D:4: 901 daAuts
     D:3: 898 daAuts

Table legend:
 A = Kills in this place as a percentage of kills in entire the game.
 B = Kills by you in this place as a percentage of kills by you in the entire game.
 C = Kills by friends in this place as a percentage of kills by friends in the entire game.
 D = Other kills in this place as a percentage of other kills in the entire game.
 E = Experience gained in this place as a percentage of experience gained in the entire game.
 F = Experience gained in this place divided by the number of levels of this place that you have seen.
                   A       B       C       D       E      F
               +-------+-------+-------+-------+-------+----------------------
         Total | 100.0 | 100.0 |   N/A |   N/A | 100.0 | 3469.2
       Dungeon |  81.9 |  81.9 |   N/A |   N/A |  65.5 | 3145.0
          Lair |  18.1 |  18.1 |   N/A |   N/A |  34.5 | 5390.2
               +-------+-------+-------+-------+-------+----------------------
